 Dungeon Crawl Stone Soup version 0.29-a0-275-g389c0b56f3 (webtiles) character file.

Game seed: 17746519239736512908

6559 testman the Basher (level 10, -15/110 HPs)
             Began as a Troll Berserker on Mar 11, 2022.
             Was an Elder of Trog.
             Demolished by Erolcha
             ... wielding a +0 giant spiked club
              (25 damage)
             ... on level 9 of the Dungeon.
             The game lasted 00:25:50 (6331 turns).

testman the Basher (Troll Berserker)                Turns: 6331, Time: 00:25:51

Health: -15/110    AC:  9    Str: 31    XL:     10   Next: 70%
Magic:  9/9        EV: 10    Int:  3    God:    Trog [****..]
Gold:   622        SH:  0    Dex:  9    Spells: 9/9 levels left

rFire   . . .      SeeInvis .   z - +5 whip of Magnificence {freeze, rN+}
rCold   . . .      Faith    .   (no shield)
rNeg    + + .      Spirit   .   i - +0 steam dragon scales
rPois   .          Reflect  .   (helmet restricted)
rElec   .          Harm     .   p - +1 cloak
rCorr   .          Rampage  .   (gloves unavailable)
Will    +++..                   (boots unavailable)
Stlth   +.........              (no amulet)
HPRegen 2.08/turn               g - ring of willpower
MPRegen 0.11/turn               B - ring of positive energy

@: brilliant, strong-willed, flying, regenerating
A: large, unfitting armour, claws 3, regeneration 1, shaggy fur 1, tough skin 1
a: Renounce Religion, Berserk, Trog's Hand, Brothers in Arms


You were on level 9 of the Dungeon.
You worshipped Trog.
Trog was greatly pleased with you.
You visited 1 branch of the dungeon, and saw 9 of its levels.

You collected 622 gold pieces.

Inventory:

Hand Weapons
 a - a +0 mace
 j - a +0 giant spiked club
 o - a +2 vorpal mace
 z - the +5 whip of Magnificence (weapon) {freeze, rN+}
   (You found it on level 5 of the Dungeon)

   It freezes those it strikes, dealing additional cold damage.
   It can also slow down cold-blooded creatures.
   rN:        It protects you from negative energy.
 E - a +1 giant club
Missiles
 c - 316 stones
 e - a throwing net
 m - 23 poisoned darts (quivered)
 s - a curare-tipped dart
 I - 2 boomerangs
 J - 4 large rocks
Armour
 b - a +0 animal skin
 i - +0 steam dragon scales (worn)
 p - a +1 cloak (worn)
Jewellery
 g - a ring of willpower (left claw)
 B - a ring of positive energy (right claw)
 K - a ring of flight
Wands
 A - a wand of polymorph (8)
 C - a wand of mindburst (12)
 F - a wand of paralysis (8)
Scrolls
 d - 5 scrolls of fear
 k - 2 scrolls of fog
 u - 2 scrolls of amnesia
 v - 3 scrolls of blinking
 w - 4 scrolls of teleportation
 y - 3 scrolls of summoning
Potions
 f - a potion of magic {unknown}
 h - a potion of flight
 r - 2 potions of cancellation
 t - a potion of brilliance
 x - 3 potions of degeneration {unknown}
 D - a potion of lignification {unknown}
 G - a potion of invisibility {unknown}
 H - a potion of attraction {unknown}


   Skills:
 + Level 10.0 Fighting
 + Level 10.9 Maces & Flails
 + Level 2.2 Throwing
 - Level 2.4 Dodging


You had 9 spell levels left.
You didn't know any spells.
Your spell library was empty.

Dungeon Overview and Level Annotations

Branches:
Dungeon (9/15)             Temple (0/1) D:4            Lair (0/6) D:8
    Orc: D:9-12

Altars:
Ashenzari
Fedhas
Gozag
Makhleb
Nemelex Xobeh
Qazlal
Ru
Sif Muna
Xom

Shops:
D:8 (

Annotations:
D:9 Erolcha


Innate Abilities, Weirdness & Mutations

You are too large for most types of armour.
You have claws for hands.
Your natural rate of healing is unusually fast.
You are covered in fur. (AC +1)
You have tough skin. (AC +1)


Message History

Okay, then.
Okay, then.
Okay, then.
Your skin crawls.
You feel strong-willed.
Erolcha opens the door.
Erolcha mumbles some strange words.
Erolcha flickers and vanishes!
Deactivating autopickup; reactivate with Ctrl-A.
There is an open door here.
You barely miss something.
You hear the faint creaking of a portcullis nearby.
You closely miss something.
You hear some strange, mumbled words.
Something tries to affect you, but you resist.
You closely miss something. You whack something! You freeze something.
Something hits you!
You hit something. You freeze something. You hit something.
You freeze something. Something hits you!
You whack something! You freeze something. You closely miss something.
You hit something. You freeze something.
You hear some strange, mumbled words.
You hear some strange, mumbled words.
Something hits you!!!
You hear some strange, mumbled words.
Something hits you!!!
* * * LOW HITPOINT WARNING * * *
You hit something. You freeze something. You closely miss something.
Something hits you.
* * * LOW HITPOINT WARNING * * *
You miss something. You whack something! You freeze something.
Something hits you!!
* * * LOW HITPOINT WARNING * * *
It was a potion of brilliance.
You feel clever all of a sudden.
It was a potion of flight.
You feel very buoyant.
You fly up into the air.
Something hits you!!
You die...

#...# ###.#
###'###
#...#.#
#.#.#.#
#.....# ###
#.#####.# #.+
#.#.....###.#
#.#.######.@#
#.#†#...#.{##
#.#.###.#.##
#.#...#.'.#
#.###.#.###
#.....†.#
######+##


There were no monsters in sight!

Vanquished Creatures
  A two-headed ogre (D:9)
  3 death yaks (D:8)
  Pikel (D:7)
  A hornet (D:9)
  Prince Ribbit (D:5)
  Grinder (D:5)
  Sigmund (D:3)
  Eustachio (D:5)
  2 steam dragons
  The ghost of Cecur the Shield-Bearer, an amateur FoFi of Gozag (D:4)
  Edmund (D:4)
  Duvessa (D:6)
  2 water moccasins
  A black bear (D:8)
  A centaur (D:8)
  An ogre (D:6)
  2 phantoms
  Blork the orc (D:5)
  2 kobold brigands
  4 bullfrogs
  3 necrophages
  Dowan (D:6)
  5 killer bees (D:7)
  A howler monkey (D:9)
  A gnoll shaman (D:8)
  3 hounds
  2 jellies
  Crazy Yiuf (D:2)
  An orc priest (D:8)
  2 iguanas (D:6)
  5 orc wizards
  2 hell rats (D:8)
  Ijyb (D:5)
  Robin (D:2)
  5 adders
  9 gnolls
  A worm (D:2)
  A dart slug (D:4)
  21 orcs
  4 endoplasms
  15 giant cockroaches
  7 hobgoblins
  7 jackals
  3 quokkas
  3 ball pythons
  4 bats
  5 frilled lizards
  12 goblins
  11 kobolds
  3 rats
169 creatures vanquished.

Notes
Turn   | Place    | Note
-------+----------+-------------------------------------------
     0 | D:1      | testman the Troll Berserker began the quest for the Orb.
     0 | D:1      | Reached XP level 1. HP: 22/22 MP: 0/0
     6 | D:1      | You fall into a shaft and drop 1 floor!
    12 | D:2      | Reached XP level 2. HP: 29/29 MP: 1/1
    14 | D:2      | Found a faded altar of an unknown god.
   162 | D:2      | Noticed Robin
   180 | D:2      | Reached XP level 3. HP: 37/37 MP: 2/2
   188 | D:2      | Killed Robin
   188 | D:2      | Reached ** piety under Trog
  1018 | D:2      | Reached XP level 4. HP: 45/45 MP: 3/3
  1254 | D:2      | Found a runed translucent door.
  1255 | D:2      | Noticed Crazy Yiuf
  1264 | D:2      | Killed Crazy Yiuf
  1399 | D:3      | Found a sacrificial altar of Ru.
  1455 | D:3      | Noticed Sigmund
  1463 | D:3      | Killed Sigmund
  1464 | D:3      | Reached XP level 5. HP: 54/54 MP: 4/4
  1464 | D:3      | Reached XP level 6. HP: 62/62 MP: 5/5
  1756 | D:3      | Found a broken altar of Ashenzari.
  2162 | D:4      | Noticed a water moccasin
  2168 | D:4      | Killed a water moccasin
  2169 | D:4      | Reached skill level 5 in Maces & Flails
  2204 | D:4      | Found a staircase to the Ecumenical Temple.
  2267 | D:4      | Found an opulent altar of Gozag.
  2428 | D:4      | Found a large runed translucent door.
  2453 | D:4      | Noticed Edmund
  2463 | D:4      | Killed Edmund
  2464 | D:4      | Reached skill level 5 in Fighting
  2464 | D:4      | Reached XP level 7. HP: 72/72 MP: 6/6
  2526 | D:4      | Found a large runed translucent door.
  2527 | D:4      | Noticed Cecur's ghost (amateur FoFi)
  2570 | D:4      | Killed Cecur's ghost
  2858 | D:5      | Entered Level 5 of the Dungeon
  2901 | D:5      | Noticed Blork the orc
  2921 | D:5      | Killed Blork the orc
  3192 | D:5      | Reached *** piety under Trog
  3252 | D:5      | Noticed Grinder
  3269 | D:5      | Paralysed by Grinder for 2 turns
  3281 | D:5      | Reached XP level 8. HP: 61/83 MP: 7/7
  3283 | D:5      | Paralysed by Grinder for 5 turns
  3289 | D:5      | Identified the +5 whip of Magnificence {freeze, rN+}
  3295 | D:5      | Killed Grinder
  3398 | D:5      | Noticed Eustachio
  3416 | D:5      | Killed Eustachio
  3426 | D:5      | Noticed Prince Ribbit
  3511 | D:5      | Killed Prince Ribbit
  3627 | D:5      | Noticed Ijyb
  3633 | D:5      | Killed Ijyb
  3810 | D:6      | Found a burning altar of Makhleb.
  3904 | D:6      | Noticed Dowan
  3904 | D:6      | Noticed Duvessa
  3909 | D:6      | Found a shimmering blue altar of Sif Muna.
  3910 | D:6      | Found a stormy altar of Qazlal.
  3918 | D:6      | Killed Duvessa
  3928 | D:6      | Reached XP level 9. HP: 93/93 MP: 8/8
  3931 | D:6      | Killed Dowan
  4439 | D:7      | Noticed Pikel
  4458 | D:7      | Killed Pikel
  4794 | D:7      | Found a large runed translucent door.
  4798 | D:7      | Found a large runed translucent door.
  5148 | D:7      | Found a blossoming altar of Fedhas.
  5152 | D:7      | Found a sparkling altar of Nemelex Xobeh.
  5252 | D:8      | Noticed a death yak
  5253 | D:8      | Noticed a death yak
  5253 | D:8      | Noticed a death yak
  5477 | D:8      | Killed a death yak
  5478 | D:8      | Reached skill level 10 in Maces & Flails
  5478 | D:8      | Reached XP level 10. HP: 92/107 MP: 9/9
  5489 | D:8      | Killed a death yak
  5497 | D:8      | Killed a death yak
  5612 | D:8      | Reached **** piety under Trog
  5640 | D:8      | Found a staircase to the Lair.
  5705 | D:8      | Found Jysh's Antique Weapon Emporium.
  5811 | D:8      | Found a shimmering altar of Xom.
  5812 | D:8      | Found a shimmering altar of Xom.
  5828 | D:8      | Found a shimmering altar of Xom.
  5836 | D:8      | Found a shimmering altar of Xom.
  5836 | D:8      | Noticed a quicksilver ooze
  5837 | D:8      | Found a shimmering altar of Xom.
  5844 | D:8      | Noticed a satyr
  5844 | D:8      | a quicksilver ooze changed into a satyr
  5886 | D:8      | Noticed a bunyip
  6168 | D:9      | Noticed a two-headed ogre
  6186 | D:9      | Killed a two-headed ogre
  6187 | D:9      | Reached skill level 1 in Throwing
  6286 | D:9      | Reached skill level 10 in Fighting
  6302 | D:9      | Noticed Erolcha
  6331 | D:9      | Demolished by Erolcha

Illustrated notes

Levels and vault maps discovered:
D:1:      dpeg_arrival_castle, layout_loops_cross, serial_bayou_crossing
D:2:      layout_rooms, hellmonk_ecumenical_altar_run_dry, uniq_robin,
          uniq_crazy_yiuf_cottage
D:3:      minmay_roachtagon, layout_basic, ashenzari_conservatory_becter,
          nicolae_ru_sacrificial_ziggurat, lemuel_old_faithful, uniq_sigmund
D:4:      layout_loops_ring, nicolae_gozag_cash_rules_everything_around_me,
          minmay_temple_entry_mini_moons, ebering_ghost_disaster_area,
          minmay_cut_off, uniq_edmund
D:5:      layout_basic, minmay_misc_feat_alley, uniq_prince_ribbit1, uniq_ijyb,
          uniq_blork_the_orc, uniq_grinder, uniq_eustachio
D:6:      layout_cave_pools, mainiacjoe_overflow_boulevard,
          mainiacjoe_overflow_divided_tiny, uniq_duvessa
D:7:      layout_basic, jmf_multi_god_temple2, uniq_pikel
D:8:      layout_loops_cross, xom_shifter_show, dpeg_lair_monsters,
          serial_shops, nicolae_shop_stone
D:9:      layout_roguey, enter_bailey_6, uniq_erolcha

Skill      XL: |  1  2  3  4  5  6  7  8  9 10 |
---------------+-------------------------------+-----
Maces & Flails | 3 4 5 6 8 10 | 10.9
Fighting       | 3 4 5 6 7 9 10 | 10.0
Throwing       | 2 |  2.2
Dodging        | |  2.4

Action                   |  1- 3 |  4- 6 |  7- 9 | 10-12 || total
-------------------------+-------+-------+-------+-------++-------
Melee: Mace              |   118 |   118 |    69 |       ||   305
       Punch             |       |     1 |     4 |       ||     5
       Whip              |       |       |   232 |    90 ||   322
Throw: Stone             |     1 |       |       |       ||     1
       Dart              |       |       |     7 |     7 ||    14
Invok: Berserk           |     1 |     4 |     7 |       ||    12
       Trog's Hand       |       |       |     2 |     1 ||     3
Evoke: Wand              |       |       |     1 |       ||     1
  Use: Scroll            |       |       |     7 |     5 ||    12
       Potion            |       |       |     5 |     2 ||     7
Armor: Animal skin       |    41 |    51 |    54 |     4 ||   150
Dodge: Dodged            |    84 |    67 |   115 |    16 ||   282

Table legend: (Time is in decaauts)
 A = Elapsed time spent in this place.
 B = Non-inter-level travel time spent in this place.
 C = Inter-level travel time spent in this place.
 D = Time resting spent in this place.
 E = Time spent auto-exploring this place.
 F = Levels seen in this place.
 G = Mean time per level.
                   A        B        C        D        E       F      G
               +--------+--------+--------+--------+--------+-----+--------+
         Total |   6388 |   6138 |    250 |    612 |   4033 |   9 |  709.8 |
       Dungeon |   6388 |   6138 |    250 |    612 |   4033 |   9 |  709.8 |
               +--------+--------+--------+--------+--------+-----+--------+

Top non-repeatable levels by time:
     D:7: 1009 daAuts
     D:4: 899 daAuts
     D:5: 820 daAuts
     D:8: 819 daAuts
     D:1: 816 daAuts
     D:3: 766 daAuts
     D:2: 548 daAuts
     D:6: 538 daAuts
     D:9: 168 daAuts
